Map: Blackburn LE

Players

MaxPax - Winner!

  • Race: Protoss Protoss

Denver

  • Race: Zerg Zerg

Event: DreamHack SC2 Masters 2021 Winter

VOD

Have the link to the VOD?

Description

Time

  • Played on: Oct. 15, 2021, 10:29 a.m.
  • Length: 8:45

All games in this series

Show
View Real Time Build Order
Export as new Build Order

MaxPax Protoss - Winner!

Build Orders: 1 Gate Expand, Oracle Opening 

Get SALT Encoding   

  12  0:00  Probe  
  13  0:12  Probe  
  14  0:19  Pylon  
  14  0:24  Probe  
  15  0:37  Probe (Chrono Boost)  
  15  0:40  Gateway  
  16  0:47  Probe (Chrono Boost)  
  17  0:50  Assimilator  
  17  0:52  Probe  
  18  1:04  Probe  
  19  1:16  Probe  
  20  1:27  Nexus  
  20  1:37  Cybernetics Core  
  20  1:41  Probe  
  21  1:48  Assimilator  
  21  1:53  Probe  
  22  1:57  Pylon  
  22  2:05  Probe (Chrono Boost)  
  23  2:15  Adept  
  25  2:17  Probe (Chrono Boost)  
  25  2:19  Stargate  
  26  2:24  Probe (Chrono Boost)  
  22  2:30  Warp Gate  
  27  2:33  Probe (Chrono Boost)  
  28  2:39  Probe (Chrono Boost)  
  30  2:45  Adept  
  30  2:49  Probe x2 (Chrono Boost)  
  33  2:54  Void Ray (Chrono Boost), Probe (Chrono Boost)  
  33  2:55  Probe  
  39  3:05  Probe  
  39  3:08  Probe  
  41  3:15  Pylon  
  41  3:18  Probe  
  42  3:20  Probe  
  42  3:22  Gateway  
  43  3:30  Oracle (Chrono Boost), Probe  
  43  3:32  Probe  
  48  3:42  Probe  
  48  3:44  Probe  
  50  3:50  Nexus  
  50  3:54  Probe  
  51  3:56  Probe  
  51  3:57  Pylon  
  52  4:06  Probe  
  52  4:07  Assimilator  
  52  4:08  Probe  
  54  4:10  Assimilator  
  54  4:15  Stargate  
  54  4:18  Probe  
  54  4:21  Probe  
  56  4:30  Probe  
  57  4:33  Probe  
  57  4:34  Protoss Air Weapons Level 1  
  57  4:37  Shield Battery  
  58  4:39  Void Ray (Chrono Boost), Forge  
  58  4:42  Pylon  
  58  4:44  Pylon  
  62  4:56  Pylon  
  62  4:58  Void Ray (Chrono Boost)  
  62  5:00  Assimilator, Probe x2  
  62  5:02  Assimilator  
  62  5:03  Probe (Chrono Boost)  
  69  5:09  Void Ray (Chrono Boost)  
  69  5:13  Probe (Chrono Boost)  
  71  5:15  Probe (Chrono Boost)  
  71  5:18  Probe (Chrono Boost)  
  77  5:22  Probe x2 (Chrono Boost)  
  77  5:26  Probe (Chrono Boost)  
  77  5:27  Probe (Chrono Boost)  
  79  5:29  Void Ray (Chrono Boost), Probe  
  79  5:32  Photon Cannon  
  81  5:36  Probe  
  81  5:38  Adept  
  81  5:39  Adept, Probe  
  81  5:41  Probe  
  92  5:44  Void Ray (Chrono Boost)  
  92  5:49  Probe  
  97  5:51  Probe  
  97  5:53  Probe  
  99  6:01  Probe, Pylon  
  99  6:03  Probe  
  101  6:10  Pylon  
  101  6:13  Fleet Beacon  
  101  6:15  Stargate  
  101  6:18  Probe  
  101  6:24  Probe  
  99  6:26  Void Ray x2  
  107  6:35  Adept  
  107  6:36  Nexus  
  109  6:40  Pylon  
  109  6:43  Adept  
  109  6:45  Probe x2  
  112  6:48  Flux Vanes  
  108  7:05  Void Ray x2  
  108  7:06  Adept x2  
  112  7:08  Nexus  
  112  7:09  Photon Cannon  
  112  7:10  Photon Cannon  
  120  7:18  Void Ray (Chrono Boost)  
  124  7:30  Photon Cannon  
  124  7:34  Photon Cannon  
  124  7:38  Photon Cannon  
  124  7:40  Void Ray (Chrono Boost)  
  124  7:52  Pylon  
  124  7:53  Void Ray (Chrono Boost)  
  124  7:56  Twilight Council  
  124  7:59  Gateway  
  124  8:00  Void Ray (Chrono Boost)  
  124  8:02  Gateway  
  124  8:04  Gateway  
  120  8:09  Gateway, Probe  
  120  8:10  Gateway  
  120  8:11  Gateway  
  121  8:15  Probe  
  122  8:20  Probe  
  123  8:28  Probe  
  123  8:30  Zealot x2  
Show
View Real Time Build Order
Export as new Build Order

Denver Zerg 

Build Orders: Hatch First 

Get SALT Encoding   

  12  0:00  Drone  
  13  0:12  Overlord  
  13  0:17  Drone  
  14  0:30  Drone x2  
  16  0:48  Hatchery  
  15  0:52  Drone  
  15  0:55  Drone  
  17  0:59  Drone  
  18  1:08  Extractor  
  17  1:14  Spawning Pool  
  17  1:18  Drone  
  17  1:21  Drone  
  18  1:28  Drone  
  19  1:38  Drone  
  20  1:49  Overlord  
  20  2:01  Queen x2  
  22  2:02  Zergling x2  
  22  2:04  Zergling x2  
  26  2:10  Metabolic Boost  
  26  2:14  Drone  
  27  2:16  Drone  
  27  2:22  Drone x2  
  30  2:38  Hatchery  
  29  2:45  Queen  
  29  2:50  Overlord  
  31  2:53  Drone  
  31  2:56  Drone  
  33  2:59  Drone x2  
  33  3:03  Drone  
  36  3:10  Queen  
  36  3:11  Drone  
  39  3:13  Drone  
  39  3:16  Drone  
  39  3:19  Overlord  
  41  3:23  Drone  
  42  3:27  Spore Crawler  
  42  3:28  Drone  
  42  3:31  Drone  
  42  3:32  Drone  
  44  3:36  Overlord  
  44  3:49  Overlord  
  44  3:52  Drone x6  
  50  3:57  Spore Crawler  
  50  3:59  Drone  
  50  4:03  Drone x2  
  50  4:08  Spore Crawler  
  50  4:09  Queen  
  52  4:13  Zergling x6  
  55  4:18  Extractor  
  55  4:22  Zergling x4  
  54  4:25  Drone  
  54  4:26  Drone x3  
  54  4:30  Overlord  
  58  4:34  Drone x2  
  61  4:43  Overlord  
  61  4:45  Lair  
  61  4:47  Roach Warren  
  61  4:49  Drone x3  
  61  4:51  Extractor  
  62  4:53  Drone x2, Extractor  
  62  4:55  Drone  
  62  4:58  Drone x3  
  67  5:04  Drone x3  
  70  5:11  Overlord  
  70  5:13  Drone  
  70  5:14  Drone x4  
  75  5:18  Drone  
  75  5:20  Queen  
  78  5:24  Overlord  
  77  5:32  Spore Crawler  
  77  5:34  Hatchery  
  75  5:36  Drone  
  75  5:37  Drone x3  
  75  5:39  Drone x5  
  75  5:40  Drone, Extractor  
  75  5:42  Extractor x2  
  81  5:46  Spire  
  81  5:47  Overseer  
  80  5:52  Queen  
  80  5:57  Drone x6  
  86  6:00  Overlord  
  89  6:04  Spore Crawler  
  89  6:08  Zergling x8  
  89  6:10  Drone x2  
  94  6:11  Hatchery  
  94  6:15  Overlord  
  94  6:17  Overlord  
  92  6:24  Evolution Chamber  
  88  6:38  Drone x12  
  100  6:42  Overlord  
  100  6:48  Infestation Pit, Spore Crawler  
  100  6:49  Zergling x10  
  100  6:52  Queen  
  103  6:58  Roach Warren  
  99  7:09  Corruptor  
  99  7:10  Corruptor x3  
  107  7:19  Corruptor x3  
  111  7:28  Corruptor x3  
  117  7:30  Overlord  
  117  7:31  Overlord  
  117  7:36  Overlord x2  
  115  7:38  Overlord  
  115  7:43  Corruptor  
  114  7:48  Queen  
  114  7:50  Corruptor  
  112  7:51  Overlord  
  108  8:02  Corruptor x4  
  109  8:06  Drone x7  
  116  8:19  Spore Crawler  

Tags
 
Add a new tag
Caveats
  • Supply blocks, unpowered buildings, or Contaminate may cause inaccurate times.
  • Supply counts are checked every 10 seconds.